[ AOE2 MATCH · #493262476 ]
UnrankedSlavs vs Japanese
[ REPLAY ANALYSIS · EXTRACTED FROM THE RECORDED GAME ]
Feudal
9:43
Castle
16:19
Imperial
34:06
| APM avg | 20.4 |
| APM peak | 47 |
| eAPM avg | 13.5 |
| Villagers / military | 141 / 294 |
Focus
⚔️ 38.8% · 🌾 61.2%
Spearman ×158 · Scorpion ×94 · Battering Ram ×14 · Militia ×12 · Mangonel ×12 · Trebuchet (Packed) ×4
Feudal
10:31
Castle
14:26
Imperial
45:06
| APM avg | 42.8 |
| APM peak | 104 |
| eAPM avg | 31.4 |
| Villagers / military | 124 / 287 |
Focus
⚔️ 32.2% · 🌾 67.8%
Spearman ×159 · Samurai ×73 · Battering Ram ×27 · Scorpion ×20 · Mangonel ×4 · Petard ×2
Feudal
11:04
Castle
15:10
Imperial
30:20
| APM avg | 57.2 |
| APM peak | 132 |
| eAPM avg | 26.6 |
| Villagers / military | 133 / 289 |
Focus
⚔️ 40.8% · 🌾 59.2%
Camel Scout ×128 · Ghulam ×98 · Scout Cavalry ×60 · Trebuchet (Packed) ×3
Feudal
10:33
Castle
14:11
Imperial
33:51
| APM avg | 33.1 |
| APM peak | 71 |
| eAPM avg | 12.9 |
| Villagers / military | 109 / 181 |
Focus
⚔️ 32.5% · 🌾 67.5%
Mangudai ×175 · Petard ×3 · Trebuchet (Packed) ×3
Feudal
11:21
Castle
15:17
Imperial
—
| APM avg | 14.7 |
| APM peak | 44 |
| eAPM avg | 11.3 |
| Villagers / military | 125 / 10 |
Focus
⚔️ 17.5% · 🌾 82.5%
Mangonel ×7 · Longbowman ×2 · Archer ×1
Feudal
10:11
Castle
13:58
Imperial
28:14
| APM avg | 26.6 |
| APM peak | 60 |
| eAPM avg | 17.7 |
| Villagers / military | 143 / 315 |
Focus
⚔️ 30.7% · 🌾 69.3%
Camel Scout ×173 · Hand Cannoneer ×132 · Ghulam ×4 · Trebuchet (Packed) ×4 · Monk ×1 · Archer ×1
Feudal
10:56
Castle
14:15
Imperial
28:46
| APM avg | 50.4 |
| APM peak | 95 |
| eAPM avg | 26.6 |
| Villagers / military | 219 / 389 |
Focus
⚔️ 33.8% · 🌾 66.2%
Spearman ×154 · Scorpion ×96 · Scout Cavalry ×93 · Battle Elephant ×38 · Battering Ram ×4 · Mangonel ×2
Feudal
10:12
Castle
14:08
Imperial
26:13
| APM avg | 45.6 |
| APM peak | 88 |
| eAPM avg | 31.0 |
| Villagers / military | 163 / 341 |
Focus
⚔️ 41.3% · 🌾 58.7%
Scout Cavalry ×192 · Spearman ×63 · Militia ×48 · Arambai ×20 · Monk ×6 · Trebuchet (Packed) ×5
Match map
Initial resources + every placement click. Lines = walls · curves = elevation contours. ◆ gold · ⬟ stone · ● berries · ✦ relic · ◌ wall gap
Your base· ✓ Closed at 16:19 · 0t walls · 3 gate(s)
Manuel24's base· ✓ Closed at 14:26 · 0t walls · 3 gate(s)
PanBailarin's base· ✓ Closed at 15:10 · 0t walls · 2 gate(s)
Bu10's base· ✓ Closed at 14:11 · 0t walls · 2 gate(s)
LRNI_robotech's base· ✓ Closed at 15:17 · 0t walls · 2 gate(s)
wmolinari's base· ✓ Closed at 13:58 · 0t walls · 2 gate(s)
Chivocrazy's base· ✓ Closed at 14:15 · 0t walls · 3 gate(s)
LRNI_UzuI's base· ✓ Closed at 14:08 · 0t walls · 3 gate(s)
Smoothed initial terrain · ◌ = detected wall gap · hover for details
Inputs per minute
— LRNI_Ghost-Jhon - - Manuel24
Build order — LRNI_Ghost-Jhon
First 150 of 389 actions detected
| 0:01 | Create | Villager (Male) |
| 0:01 | Create | Villager (Male) |
| 0:02 | Create | Villager (Male) |
| 0:02 | Create | Villager (Male) |
| 0:02 | Create | Villager (Male) |
| 0:04 | Build | House |
| 0:06 | Build | House |
| 1:23 | Create | Villager (Male) |
| 1:24 | Create | Villager (Male) |
| 1:49 | Build | Lumber Camp |
| 1:58 | Create | Villager (Male) |
| 1:58 | Create | Villager (Male) |
| 2:20 | Create | Villager (Male) |
| 2:20 | Create | Villager (Male) |
| 2:58 | Create | Villager (Male) |
| 3:11 | Build | House |
| 3:12 | Build | House |
| 3:16 | Create | Villager (Male) |
| 3:17 | Create | Villager (Male) |
| 3:36 | Create | Villager (Male) |
| 3:49 | Create | Villager (Male) |
| 3:50 | Create | Villager (Male) |
| 4:29 | Create | Villager (Male) |
| 4:29 | Create | Villager (Male) |
| 4:41 | Create | Villager (Male) |
| 5:09 | Create | Villager (Male) |
| 5:09 | Create | Villager (Male) |
| 5:09 | Create | Villager (Male) |
| 5:15 | Create | Villager (Male) |
| 5:31 | Build | Mill |
| 6:34 | Create | Villager (Male) |
| 7:20 | Research | Feudal Age |
| 7:23 | Research | Loom |
| 7:35 | Build | Mill |
| 7:43 | Build | Lumber Camp |
| 9:02 | Build | House |
| 9:04 | Build | House |
| 9:30 | Build | Barracks |
| 9:38 | Create | Villager (Male) |
| 9:40 | Create | Villager (Male) |
| 9:43 | Age | Feudal Age |
| 10:01 | Create | Villager (Male) |
| 10:40 | Build | Market |
| 10:49 | Create | Villager (Male) |
| 10:59 | Research | Double-Bit Axe |
| 11:04 | Create | Villager (Male) |
| 11:33 | Build | Mining Camp |
| 11:36 | Create | Villager (Male) |
| 12:01 | Create | Villager (Male) |
| 12:22 | Build | Blacksmith |
| 12:34 | Create | Villager (Male) |
| 12:43 | Build | Farm |
| 12:50 | Build | Farm |
| 13:02 | Create | Villager (Male) |
| 13:08 | Build | Farm |
| 13:39 | Research | Castle Age |
| 13:47 | Build | Farm |
| 14:00 | Build | Farm |
| 14:08 | Build | Farm |
| 14:41 | Research | Loom |
| 14:41 | Create | Villager (Male) |
| 14:51 | Research | Horse Collar |
| 15:00 | Research | Gold Mining |
| 15:34 | Build | Farm |
| 15:35 | Build | Farm |
| 15:39 | Build | Farm |
| 15:40 | Build | Farm |
| 15:41 | Build | Farm |
| 16:19 | Age | Castle Age |
| 16:26 | Build | Siege Workshop |
| 16:27 | Research | Man-at-Arms (upgrade) |
| 16:27 | Create | Militia |
| 16:28 | Create | Militia |
| 16:28 | Create | Militia |
| 16:31 | Create | Militia |
| 16:33 | Create | Villager (Male) |
| 17:04 | Create | Villager (Male) |
| 17:09 | Build | Town Center |
| 17:15 | Build | House |
| 17:25 | Create | Villager (Male) |
| 17:26 | Create | Villager (Male) |
| 17:39 | Create | Battering Ram |
| 17:39 | Create | Battering Ram |
| 17:49 | Build | House |
| 18:03 | Create | Villager (Male) |
| 18:23 | Create | Battering Ram |
| 18:28 | Build | House |
| 18:30 | Build | House |
| 18:33 | Create | Villager (Male) |
| 18:49 | Create | Villager (Male) |
| 18:55 | Create | Militia |
| 18:55 | Create | Militia |
| 19:03 | Create | Militia |
| 19:06 | Create | Villager (Male) |
| 19:06 | Create | Villager (Male) |
| 19:10 | Build | Farm |
| 19:12 | Build | Farm |
| 19:18 | Build | Farm |
| 19:20 | Create | Villager (Male) ×2 |
| 19:44 | Build | Barracks |
| 19:47 | Create | Militia ×2 |
| 19:54 | Build | Farm |
| 20:04 | Create | Militia |
| 20:04 | Create | Militia |
| 20:23 | Create | Battering Ram |
| 20:31 | Create | Villager (Male) ×3 |
| 20:31 | Create | Villager (Male) ×3 |
| 20:46 | Create | Militia |
| 20:57 | Build | Siege Workshop |
| 21:02 | Create | Scorpion |
| 21:02 | Create | Scorpion |
| 21:35 | Create | Villager (Male) ×5 |
| 21:44 | Build | Siege Workshop |
| 21:47 | Create | Scorpion |
| 21:47 | Create | Scorpion |
| 21:57 | Build | Farm |
| 21:57 | Build | Farm |
| 21:58 | Build | Farm |
| 21:58 | Build | Farm |
| 21:59 | Build | Farm |
| 22:05 | Build | Farm |
| 22:07 | Build | Farm |
| 22:14 | Build | Farm |
| 22:16 | Build | Farm |
| 22:32 | Create | Mangonel |
| 22:46 | Create | Villager (Male) ×5 |
| 22:50 | Research | Bow Saw |
| 22:56 | Build | Farm |
| 23:08 | Create | Scorpion |
| 23:16 | Build | House |
| 23:17 | Build | House |
| 23:20 | Build | House |
| 23:25 | Create | Scorpion |
| 23:40 | Research | Heavy Plow |
| 23:45 | Build | Farm |
| 23:47 | Create | Villager (Male) ×5 |
| 23:54 | Create | Scorpion |
| 24:13 | Build | Farm |
| 24:14 | Build | Farm |
| 24:14 | Build | Farm |
| 24:14 | Build | Farm |
| 24:14 | Build | Farm |
| 24:15 | Build | Farm |
| 24:15 | Build | Farm |
| 24:27 | Build | Farm |
| 24:27 | Build | Farm |
| 24:30 | Build | Farm |
| 24:41 | Build | Farm |
| 24:44 | Create | Villager (Male) ×5 |
| 24:46 | Build | Farm |
Build order — Manuel24
First 150 of 629 actions detected
| 0:01 | Create | Villager (Male) |
| 0:01 | Create | Villager (Male) |
| 0:01 | Create | Villager (Male) |
| 0:04 | Build | House |
| 0:09 | Build | House |
| 0:32 | Create | Villager (Male) |
| 1:25 | Create | Villager (Male) |
| 1:52 | Build | Lumber Camp |
| 2:03 | Create | Villager (Male) |
| 2:16 | Create | Villager (Male) |
| 2:35 | Create | Villager (Male) |
| 3:05 | Build | Mill |
| 3:06 | Create | Villager (Male) |
| 3:32 | Create | Villager (Male) |
| 3:48 | Create | Villager (Male) |
| 3:56 | Build | House |
| 4:01 | Build | Mining Camp |
| 4:28 | Create | Villager (Male) |
| 4:47 | Create | Villager (Male) |
| 5:17 | Create | Villager (Male) |
| 5:18 | Create | Villager (Male) |
| 5:48 | Build | Mining Camp |
| 5:57 | Build | House |
| 6:01 | Create | Villager (Male) |
| 6:02 | Create | Villager (Male) |
| 6:47 | Create | Villager (Male) |
| 7:17 | Build | Mill |
| 7:20 | Create | Villager (Male) |
| 7:56 | Create | Villager (Male) |
| 8:13 | Research | Feudal Age |
| 8:13 | Research | Feudal Age |
| 10:31 | Age | Feudal Age |
| 10:31 | Research | Wheelbarrow |
| 10:32 | Research | Wheelbarrow |
| 10:37 | Build | Market |
| 10:46 | Build | Blacksmith |
| 11:44 | Research | Castle Age |
| 11:44 | Research | Castle Age |
| 12:28 | Research | Double-Bit Axe |
| 12:28 | Research | Double-Bit Axe |
| 13:05 | Build | Lumber Camp |
| 14:06 | Build | Farm |
| 14:07 | Build | Farm |
| 14:08 | Build | Farm |
| 14:09 | Build | Farm |
| 14:17 | Build | House |
| 14:18 | Create | Villager (Male) |
| 14:19 | Create | Villager (Male) |
| 14:26 | Age | Castle Age |
| 14:32 | Build | Castle |
| 14:38 | Research | Gold Mining |
| 14:39 | Research | Gold Mining |
| 14:48 | Build | Farm |
| 14:54 | Create | Villager (Male) |
| 14:59 | Build | Farm |
| 15:05 | Build | Farm |
| 15:20 | Build | Farm |
| 15:28 | Build | Farm |
| 15:33 | Create | Villager (Male) |
| 15:53 | Create | Villager (Male) |
| 16:14 | Build | Siege Workshop |
| 16:15 | Create | Villager (Male) |
| 16:33 | Create | Samurai |
| 16:33 | Create | Samurai |
| 16:34 | Create | Samurai |
| 17:01 | Create | Battering Ram |
| 17:03 | Create | Villager (Male) |
| 17:03 | Create | Villager (Male) |
| 17:10 | Create | Samurai |
| 17:10 | Create | Samurai |
| 17:22 | Create | Samurai |
| 17:37 | Create | Villager (Male) |
| 17:41 | Build | Farm |
| 17:52 | Create | Samurai |
| 17:54 | Create | Samurai |
| 18:00 | Build | Farm |
| 18:08 | Build | House |
| 18:10 | Build | House |
| 18:15 | Create | Villager (Male) |
| 18:25 | Create | Samurai |
| 18:25 | Create | Samurai |
| 18:27 | Create | Battering Ram |
| 18:37 | Build | Farm |
| 18:42 | Create | Villager (Male) |
| 18:50 | Build | Farm |
| 18:56 | Create | Samurai |
| 19:11 | Create | Villager (Male) |
| 19:12 | Create | Villager (Male) |
| 19:21 | Build | Farm |
| 19:29 | Create | Samurai |
| 19:29 | Create | Samurai |
| 19:34 | Create | Battering Ram |
| 19:37 | Create | Samurai |
| 19:44 | Build | House |
| 19:44 | Build | House |
| 19:47 | Create | Villager (Male) |
| 19:56 | Create | Samurai |
| 20:09 | Create | Villager (Male) |
| 20:18 | Create | Battering Ram |
| 20:26 | Build | Farm |
| 20:29 | Create | Samurai |
| 20:36 | Build | House |
| 20:37 | Build | House |
| 20:42 | Create | Villager (Male) |
| 20:48 | Create | Samurai |
| 20:49 | Create | Samurai |
| 20:56 | Research | Scale Mail Armor |
| 20:56 | Research | Scale Mail Armor |
| 21:11 | Create | Samurai |
| 21:22 | Create | Battering Ram |
| 21:29 | Create | Villager (Male) |
| 21:29 | Create | Villager (Male) |
| 21:35 | Build | House |
| 21:36 | Build | House |
| 21:43 | Create | Samurai |
| 21:45 | Create | Samurai |
| 21:59 | Build | Farm |
| 22:09 | Create | Samurai |
| 22:10 | Create | Samurai |
| 22:10 | Create | Samurai |
| 23:29 | Research | Chain Mail Armor |
| 23:30 | Create | Petard |
| 23:30 | Create | Petard |
| 23:31 | Create | Samurai |
| 23:32 | Create | Samurai |
| 23:32 | Create | Samurai |
| 23:33 | Create | Samurai |
| 23:38 | Create | Battering Ram |
| 23:38 | Create | Battering Ram |
| 23:51 | Create | Villager (Male) |
| 23:57 | Build | Gate |
| 24:15 | Create | Battering Ram |
| 24:16 | Create | Samurai |
| 24:16 | Create | Samurai |
| 25:06 | Create | Samurai |
| 25:06 | Create | Samurai |
| 25:06 | Create | Samurai |
| 25:07 | Create | Samurai |
| 25:07 | Create | Samurai |
| 25:08 | Create | Samurai |
| 26:54 | Build | Stone Wall |
| 26:54 | Build | Stone Wall |
| 26:59 | Research | Hand Cart |
| 26:59 | Research | Hand Cart |
| 27:04 | Build | Town Center |
| 27:57 | Create | Scorpion |
| 27:58 | Create | Scorpion |
| 28:00 | Create | Scorpion |
| 28:00 | Create | Scorpion |
| 28:30 | Create | Villager (Male) |
Build order — PanBailarin
First 150 of 610 actions detected
| 0:02 | Build | House |
| 0:05 | Build | House |
| 0:06 | Build | House |
| 0:08 | Create | Villager (Male) ×4 |
| 1:18 | Create | Villager (Male) |
| 1:38 | Create | Villager (Male) |
| 1:55 | Build | Lumber Camp |
| 2:07 | Create | Villager (Male) |
| 2:26 | Create | Villager (Male) |
| 3:00 | Create | Villager (Male) |
| 3:00 | Create | Villager (Male) |
| 3:17 | Create | Villager (Male) |
| 3:48 | Create | Villager (Male) |
| 4:10 | Build | House |
| 4:28 | Build | Mill |
| 4:29 | Create | Villager (Male) |
| 4:29 | Create | Villager (Male) |
| 4:36 | Research | Loom |
| 4:42 | Build | House |
| 4:50 | Create | Villager (Male) |
| 5:16 | Build | House |
| 5:19 | Create | Villager (Male) |
| 5:28 | Create | Villager (Male) |
| 5:48 | Create | Villager (Male) |
| 6:11 | Create | Villager (Male) |
| 6:34 | Create | Villager (Male) |
| 6:43 | Build | Lumber Camp |
| 6:56 | Create | Villager (Male) |
| 7:20 | Build | Mining Camp |
| 7:27 | Build | House |
| 7:44 | Create | Villager (Male) |
| 8:05 | Research | Loom |
| 8:30 | Research | Feudal Age |
| 9:22 | Build | House |
| 11:04 | Age | Feudal Age |
| 11:06 | Build | Market |
| 11:10 | Build | Blacksmith |
| 11:18 | Create | Villager (Male) |
| 12:30 | Research | Castle Age |
| 12:30 | Research | Castle Age |
| 13:48 | Build | Farm |
| 13:48 | Build | Farm |
| 13:49 | Build | Farm |
| 13:49 | Build | Farm |
| 13:49 | Build | Farm |
| 13:49 | Build | Farm |
| 13:49 | Build | Farm |
| 13:50 | Build | Farm |
| 13:58 | Research | Double-Bit Axe |
| 14:08 | Build | Farm |
| 14:13 | Build | Farm |
| 14:22 | Build | Farm |
| 14:33 | Research | Horse Collar |
| 15:10 | Age | Castle Age |
| 15:13 | Create | Villager (Male) |
| 15:16 | Build | Town Center |
| 15:39 | Create | Villager (Male) |
| 16:06 | Create | Villager (Male) |
| 16:18 | Create | Villager (Male) |
| 16:23 | Create | Villager (Male) |
| 16:47 | Create | Villager (Male) |
| 16:58 | Build | Town Center |
| 17:06 | Create | Villager (Male) |
| 17:09 | Create | Villager (Male) |
| 17:15 | Build | House |
| 17:30 | Research | Bow Saw |
| 17:30 | Research | Bow Saw |
| 17:44 | Research | Heavy Plow |
| 17:44 | Research | Heavy Plow |
| 18:03 | Build | Farm |
| 18:04 | Create | Villager (Male) |
| 18:06 | Create | Villager (Male) |
| 18:10 | Create | Villager (Male) |
| 18:25 | Create | Villager (Male) |
| 18:30 | Create | Villager (Male) |
| 18:31 | Build | Farm |
| 18:35 | Build | Farm |
| 18:36 | Create | Villager (Male) |
| 18:40 | Build | Farm |
| 18:51 | Build | Farm |
| 18:53 | Build | Farm |
| 18:56 | Create | Villager (Male) |
| 19:03 | Create | Villager (Male) |
| 19:05 | Build | Farm |
| 19:09 | Create | Villager (Male) |
| 19:14 | Build | House |
| 19:21 | Build | Mining Camp |
| 19:26 | Build | Mining Camp |
| 19:33 | Build | Mining Camp |
| 19:36 | Create | Villager (Male) |
| 19:37 | Create | Villager (Male) |
| 19:38 | Create | Villager (Male) |
| 19:41 | Build | Farm |
| 19:43 | Build | Farm |
| 19:46 | Build | Farm |
| 19:49 | Create | Villager (Male) |
| 19:50 | Create | Villager (Male) |
| 19:50 | Create | Villager (Male) |
| 19:54 | Build | House |
| 20:06 | Create | Villager (Male) |
| 20:09 | Create | Villager (Male) |
| 20:23 | Create | Villager (Male) |
| 20:24 | Create | Villager (Male) |
| 20:24 | Create | Villager (Male) |
| 20:28 | Build | House |
| 20:36 | Build | Barracks |
| 20:47 | Create | Villager (Male) |
| 20:59 | Build | House |
| 21:24 | Build | Stable |
| 21:26 | Create | Villager (Male) |
| 21:26 | Create | Villager (Male) |
| 21:27 | Create | Villager (Male) |
| 21:39 | Build | Town Center |
| 21:47 | Create | Villager (Male) |
| 21:48 | Create | Villager (Male) |
| 21:48 | Create | Villager (Male) |
| 21:55 | Build | Farm |
| 22:05 | Create | Camel Scout |
| 22:05 | Create | Camel Scout |
| 22:10 | Build | House |
| 22:12 | Create | Villager (Male) |
| 22:12 | Create | Villager (Male) |
| 22:13 | Create | Villager (Male) |
| 22:23 | Build | Town Center |
| 22:24 | Create | Villager (Male) |
| 22:25 | Create | Villager (Male) |
| 22:26 | Create | Villager (Male) |
| 22:41 | Create | Villager (Male) |
| 22:42 | Create | Villager (Male) |
| 22:43 | Create | Villager (Male) |
| 22:46 | Build | Farm |
| 22:47 | Build | Farm |
| 22:51 | Build | Farm |
| 22:52 | Create | Villager (Male) |
| 23:05 | Create | Camel Scout |
| 23:07 | Build | House |
| 23:20 | Create | Villager (Male) |
| 23:23 | Build | Farm |
| 23:25 | Build | Farm |
| 23:26 | Build | Farm |
| 23:32 | Create | Villager (Male) |
| 23:32 | Create | Villager (Male) |
| 23:32 | Create | Villager (Male) |
| 23:36 | Build | Farm |
| 23:37 | Build | Farm |
| 23:39 | Build | Farm |
| 23:45 | Create | Villager (Male) |
| 23:45 | Create | Villager (Male) |
| 23:49 | Create | Villager (Male) |
| 23:57 | Build | Farm |
Build order — Bu10
First 150 of 243 actions detected
| 0:01 | Create | Villager (Male) |
| 0:01 | Create | Villager (Male) |
| 0:01 | Create | Villager (Male) |
| 0:03 | Build | House |
| 0:04 | Build | House |
| 0:32 | Create | Villager (Male) |
| 1:26 | Create | Villager (Male) |
| 1:51 | Build | Lumber Camp |
| 2:08 | Create | Villager (Male) |
| 2:08 | Create | Villager (Male) |
| 2:22 | Create | Villager (Male) |
| 2:53 | Create | Villager (Male) |
| 3:04 | Create | Villager (Male) |
| 3:43 | Create | Villager (Male) |
| 3:43 | Create | Villager (Male) |
| 3:55 | Build | House |
| 3:57 | Build | House |
| 4:10 | Create | Villager (Male) |
| 4:27 | Create | Villager (Male) |
| 4:27 | Create | Villager (Male) |
| 4:42 | Build | Mill |
| 5:20 | Create | Villager (Male) |
| 5:36 | Create | Villager (Male) |
| 5:59 | Build | Mill |
| 6:05 | Create | Villager (Male) |
| 6:29 | Create | Villager (Male) |
| 6:29 | Create | Villager (Male) |
| 6:53 | Create | Villager (Male) |
| 7:20 | Build | Mining Camp |
| 7:36 | Create | Villager (Male) |
| 7:42 | Research | Feudal Age |
| 9:05 | Build | House |
| 10:33 | Age | Feudal Age |
| 10:37 | Build | Market |
| 10:38 | Create | Villager (Male) |
| 10:39 | Create | Villager (Male) |
| 10:42 | Build | Blacksmith |
| 11:09 | Build | Lumber Camp |
| 11:29 | Build | Mining Camp |
| 11:31 | Research | Castle Age |
| 12:15 | Create | Villager (Male) |
| 12:16 | Create | Villager (Male) |
| 12:22 | Build | House |
| 12:25 | Build | House |
| 12:26 | Build | House |
| 12:46 | Research | Horse Collar |
| 13:07 | Build | Farm |
| 13:12 | Build | Farm |
| 13:17 | Build | Farm |
| 13:24 | Research | Loom |
| 14:11 | Age | Castle Age |
| 14:15 | Create | Villager (Male) |
| 14:39 | Research | Double-Bit Axe |
| 14:52 | Build | Town Center |
| 15:14 | Create | Villager (Male) |
| 15:27 | Create | Villager (Male) |
| 15:27 | Create | Villager (Male) |
| 15:34 | Build | Farm |
| 15:35 | Build | Farm |
| 16:01 | Create | Villager (Male) |
| 16:29 | Create | Villager (Male) |
| 16:34 | Build | Farm |
| 16:34 | Build | Farm |
| 16:34 | Build | Farm |
| 16:34 | Build | Farm |
| 16:35 | Build | Farm |
| 16:39 | Create | Villager (Male) |
| 17:08 | Build | Castle |
| 17:10 | Create | Villager (Male) |
| 17:18 | Create | Villager (Male) |
| 17:40 | Create | Villager (Male) |
| 17:40 | Create | Villager (Male) |
| 17:46 | Build | Farm |
| 17:46 | Build | Farm |
| 17:46 | Build | Farm |
| 17:51 | Build | Farm |
| 18:01 | Build | Farm |
| 18:04 | Create | Villager (Male) |
| 18:16 | Create | Villager (Male) |
| 18:28 | Create | Villager (Male) |
| 18:48 | Create | Villager (Male) |
| 19:00 | Create | Mangudai ×4 |
| 19:17 | Create | Villager (Male) |
| 19:17 | Create | Villager (Male) |
| 19:17 | Create | Villager (Male) |
| 19:35 | Create | Villager (Male) |
| 19:40 | Create | Petard |
| 19:49 | Create | Villager (Male) |
| 19:57 | Build | Farm |
| 19:57 | Build | Farm |
| 20:00 | Build | Farm |
| 20:45 | Create | Mangudai |
| 21:53 | Create | Villager (Male) |
| 21:59 | Create | Villager (Male) |
| 22:00 | Create | Villager (Male) |
| 22:00 | Create | Villager (Male) |
| 22:07 | Create | Villager (Male) |
| 22:07 | Create | Villager (Male) |
| 22:07 | Create | Villager (Male) |
| 22:07 | Create | Villager (Male) |
| 22:08 | Create | Villager (Male) |
| 22:08 | Create | Villager (Male) |
| 22:08 | Create | Villager (Male) |
| 22:09 | Create | Villager (Male) |
| 22:14 | Research | Town Watch |
| 22:19 | Create | Villager (Male) |
| 22:32 | Build | Gate |
| 22:37 | Build | Mining Camp |
| 22:37 | Create | Villager (Male) |
| 22:54 | Create | Petard |
| 23:12 | Create | Petard |
| 23:16 | Create | Mangudai ×5 |
| 23:29 | Research | Fletching |
| 23:42 | Create | Villager (Male) |
| 23:54 | Research | Bow Saw |
| 24:45 | Create | Villager (Male) |
| 24:46 | Create | Villager (Male) |
| 24:46 | Create | Villager (Male) |
| 24:50 | Create | Mangudai ×5 |
| 25:15 | Build | House |
| 25:16 | Build | House |
| 25:16 | Build | House |
| 25:17 | Build | House |
| 25:17 | Build | House |
| 25:19 | Build | Mining Camp |
| 25:54 | Create | Villager (Male) |
| 25:54 | Create | Villager (Male) |
| 25:55 | Create | Villager (Male) |
| 25:55 | Create | Villager (Male) |
| 25:56 | Create | Villager (Male) |
| 26:01 | Build | House |
| 26:02 | Build | House |
| 26:02 | Build | House |
| 26:02 | Build | House |
| 26:02 | Build | House |
| 26:03 | Build | House |
| 26:03 | Build | House |
| 26:48 | Create | Villager (Male) |
| 26:48 | Create | Villager (Male) |
| 26:48 | Create | Villager (Male) |
| 27:00 | Create | Villager (Male) |
| 27:09 | Create | Villager (Male) |
| 27:26 | Create | Villager (Male) |
| 27:38 | Create | Villager (Male) |
| 28:11 | Create | Villager (Male) |
| 28:11 | Create | Villager (Male) |
| 28:31 | Create | Villager (Male) |
| 28:31 | Create | Villager (Male) |
| 28:35 | Create | Mangudai ×5 |
| 28:35 | Create | Mangudai ×5 |
Build order — LRNI_robotech
First 150 of 242 actions detected
| 0:01 | Create | Villager (Male) |
| 0:01 | Create | Villager (Male) |
| 0:02 | Create | Villager (Male) |
| 0:04 | Build | House |
| 0:05 | Build | House |
| 0:06 | Create | Villager (Male) |
| 1:19 | Create | Villager (Male) |
| 1:49 | Create | Villager (Male) |
| 2:03 | Create | Villager (Male) |
| 2:07 | Build | Lumber Camp |
| 2:32 | Create | Villager (Male) |
| 2:59 | Create | Villager (Male) |
| 3:26 | Build | House |
| 3:31 | Build | House |
| 3:33 | Build | House |
| 3:35 | Create | Villager (Male) |
| 3:35 | Create | Villager (Male) |
| 4:10 | Create | Villager (Male) |
| 4:41 | Build | Mill |
| 4:56 | Build | Mill |
| 5:00 | Create | Villager (Male) |
| 5:01 | Create | Villager (Male) |
| 5:01 | Create | Villager (Male) |
| 5:12 | Create | Villager (Male) |
| 6:07 | Create | Villager (Male) |
| 6:07 | Create | Villager (Male) |
| 6:21 | Create | Villager (Male) |
| 6:39 | Create | Villager (Male) |
| 6:39 | Create | Villager (Male) |
| 7:56 | Build | Farm |
| 7:57 | Build | Farm |
| 7:57 | Build | Farm |
| 7:59 | Build | Farm |
| 8:04 | Build | Mining Camp |
| 8:25 | Create | Villager (Male) |
| 8:55 | Build | Mining Camp |
| 9:07 | Research | Feudal Age |
| 10:15 | Build | Mill |
| 10:23 | Create | Villager (Male) |
| 10:24 | Create | Villager (Male) |
| 11:21 | Age | Feudal Age |
| 11:24 | Build | Blacksmith |
| 11:27 | Build | Market |
| 12:12 | Create | Villager (Male) |
| 12:37 | Research | Castle Age |
| 12:59 | Build | House |
| 13:08 | Research | Double-Bit Axe |
| 14:35 | Create | Villager (Male) |
| 14:35 | Create | Villager (Male) |
| 15:17 | Age | Castle Age |
| 15:18 | Research | Loom |
| 15:36 | Build | Castle |
| 15:43 | Build | Palisade Wall |
| 15:50 | Build | Palisade Wall |
| 15:51 | Build | Palisade Wall |
| 15:52 | Build | Palisade Wall |
| 15:54 | Build | Palisade Wall |
| 15:58 | Build | Palisade Wall |
| 16:01 | Build | Palisade Wall |
| 16:08 | Build | Palisade Wall |
| 16:09 | Build | Palisade Wall |
| 16:13 | Create | Villager (Male) |
| 16:14 | Create | Villager (Male) |
| 16:14 | Create | Villager (Male) |
| 16:15 | Create | Villager (Male) |
| 16:21 | Build | Town Center |
| 16:21 | Create | Villager (Male) |
| 16:22 | Create | Villager (Male) |
| 16:42 | Build | Mining Camp |
| 16:44 | Create | Longbowman |
| 16:45 | Create | Longbowman |
| 16:51 | Build | Siege Workshop |
| 16:55 | Create | Villager (Male) |
| 16:56 | Create | Villager (Male) |
| 17:05 | Research | Bow Saw |
| 17:07 | Create | Villager (Male) |
| 17:41 | Create | Mangonel |
| 18:03 | Build | Farm |
| 18:03 | Build | Farm |
| 18:07 | Build | Farm |
| 18:09 | Build | Farm |
| 18:13 | Create | Villager (Male) |
| 18:28 | Build | Farm |
| 18:29 | Build | Farm |
| 18:45 | Build | Farm |
| 18:55 | Create | Villager (Male) |
| 19:13 | Create | Villager (Male) |
| 19:17 | Build | Farm |
| 19:17 | Build | Farm |
| 19:28 | Build | Farm |
| 19:30 | Create | Villager (Male) |
| 19:37 | Build | House |
| 19:45 | Create | Villager (Male) |
| 19:48 | Build | Farm |
| 19:54 | Create | Villager (Male) |
| 19:59 | Build | Farm |
| 20:03 | Create | Villager (Male) |
| 20:05 | Build | Farm |
| 20:22 | Build | Farm |
| 20:30 | Create | Villager (Male) |
| 20:30 | Create | Villager (Male) |
| 20:35 | Build | Farm |
| 20:49 | Build | Farm |
| 20:59 | Create | Villager (Male) |
| 21:00 | Create | Villager (Male) |
| 21:06 | Create | Villager (Male) |
| 21:11 | Build | Farm |
| 21:14 | Create | Villager (Male) |
| 21:19 | Build | Farm |
| 21:22 | Create | Villager (Male) |
| 21:25 | Create | Villager (Male) |
| 21:32 | Build | Farm |
| 21:52 | Build | Castle |
| 22:05 | Build | Castle |
| 22:07 | Create | Villager (Male) |
| 22:08 | Create | Villager (Male) |
| 22:08 | Create | Villager (Male) |
| 22:08 | Create | Villager (Male) |
| 22:09 | Create | Villager (Male) |
| 22:14 | Build | Farm |
| 22:14 | Build | Farm |
| 22:34 | Create | Mangonel |
| 23:43 | Build | Stone Wall |
| 23:44 | Create | Villager (Male) |
| 23:44 | Create | Villager (Male) |
| 23:45 | Create | Villager (Male) |
| 23:48 | Build | Farm |
| 23:48 | Build | Farm |
| 23:48 | Build | Farm |
| 23:49 | Build | Farm |
| 24:00 | Create | Villager (Male) |
| 24:01 | Create | Villager (Male) |
| 24:02 | Create | Villager (Male) |
| 24:11 | Create | Villager (Male) |
| 24:11 | Create | Villager (Male) |
| 24:14 | Build | House |
| 24:15 | Build | House |
| 24:28 | Create | Villager (Male) |
| 24:32 | Build | Barracks |
| 25:01 | Create | Villager (Male) |
| 25:05 | Build | Siege Workshop |
| 25:40 | Create | Mangonel |
| 27:52 | Build | Town Center |
| 31:06 | Create | Villager (Male) |
| 31:06 | Create | Villager (Male) |
| 31:06 | Create | Villager (Male) |
| 32:19 | Create | Villager (Male) |
| 32:19 | Create | Villager (Male) |
| 32:20 | Create | Villager (Male) |
| 32:20 | Create | Villager (Male) |
Build order — wmolinari
First 150 of 444 actions detected
| 0:05 | Create | Villager (Male) ×4 |
| 0:07 | Build | House |
| 0:11 | Build | House |
| 1:15 | Create | Villager (Male) |
| 1:15 | Create | Villager (Male) |
| 1:40 | Create | Villager (Male) |
| 1:40 | Create | Villager (Male) |
| 1:50 | Build | Lumber Camp |
| 2:06 | Create | Villager (Male) |
| 2:06 | Create | Villager (Male) |
| 2:25 | Create | Villager (Male) |
| 2:53 | Create | Villager (Male) |
| 2:53 | Create | Villager (Male) |
| 3:11 | Create | Villager (Male) |
| 3:11 | Create | Villager (Male) |
| 3:48 | Create | Villager (Male) |
| 3:48 | Create | Villager (Male) |
| 3:55 | Build | House |
| 3:56 | Build | House |
| 4:21 | Build | Mill |
| 4:33 | Create | Villager (Male) |
| 4:33 | Create | Villager (Male) |
| 4:34 | Create | Villager (Male) |
| 5:18 | Create | Villager (Male) |
| 5:18 | Create | Villager (Male) |
| 5:38 | Create | Villager (Male) |
| 6:02 | Build | Farm |
| 6:03 | Build | Farm |
| 6:07 | Create | Villager (Male) |
| 6:07 | Create | Villager (Male) |
| 6:48 | Create | Villager (Male) |
| 7:40 | Build | Mining Camp |
| 7:59 | Research | Feudal Age |
| 8:38 | Create | Villager (Male) |
| 8:38 | Create | Villager (Male) |
| 10:11 | Age | Feudal Age |
| 10:13 | Build | Market |
| 10:16 | Build | Blacksmith |
| 11:18 | Research | Castle Age |
| 12:01 | Build | House |
| 12:37 | Research | Double-Bit Axe |
| 12:48 | Create | Villager (Male) |
| 13:05 | Create | Villager (Male) |
| 13:33 | Create | Villager (Male) |
| 13:56 | Create | Villager (Male) |
| 13:58 | Age | Castle Age |
| 14:08 | Build | Town Center |
| 14:13 | Research | Bow Saw |
| 14:23 | Build | Monastery |
| 14:36 | Build | House |
| 15:05 | Research | Horse Collar |
| 15:09 | Create | Villager (Male) |
| 15:14 | Create | Monk |
| 15:21 | Create | Villager (Male) |
| 15:45 | Create | Villager (Male) |
| 16:00 | Build | Town Center |
| 16:03 | Create | Villager (Male) |
| 16:09 | Build | Farm |
| 16:19 | Create | Villager (Male) |
| 16:19 | Create | Villager (Male) |
| 16:24 | Build | Farm |
| 16:34 | Create | Villager (Male) |
| 16:39 | Build | Farm |
| 16:43 | Build | Farm |
| 16:51 | Create | Villager (Male) |
| 16:58 | Build | Farm |
| 17:01 | Create | Villager (Male) |
| 17:04 | Build | House |
| 17:09 | Build | House |
| 17:16 | Create | Villager (Male) |
| 17:22 | Create | Villager (Male) |
| 17:23 | Create | Villager (Male) |
| 17:27 | Build | Farm |
| 17:28 | Build | Farm |
| 17:29 | Build | Farm |
| 17:41 | Build | Farm |
| 17:54 | Build | Farm |
| 17:58 | Build | Farm |
| 17:59 | Create | Villager (Male) |
| 17:59 | Create | Villager (Male) |
| 18:02 | Create | Villager (Male) |
| 18:03 | Create | Villager (Male) |
| 18:11 | Create | Villager (Male) |
| 18:25 | Build | Farm |
| 18:29 | Build | Barracks |
| 18:37 | Create | Villager (Male) |
| 18:47 | Build | Farm |
| 18:50 | Build | Farm |
| 18:52 | Build | Farm |
| 19:02 | Create | Villager (Male) |
| 19:08 | Build | Mining Camp |
| 19:15 | Create | Villager (Male) |
| 19:15 | Create | Villager (Male) |
| 19:16 | Create | Villager (Male) |
| 19:16 | Create | Villager (Male) |
| 19:22 | Build | House |
| 19:23 | Build | House |
| 19:26 | Build | House |
| 19:29 | Research | Loom |
| 19:35 | Build | Farm |
| 19:38 | Build | Farm |
| 19:40 | Build | Farm |
| 19:49 | Create | Villager (Male) |
| 19:51 | Create | Villager (Male) |
| 19:55 | Research | Stone Mining |
| 20:11 | Create | Villager (Male) |
| 20:11 | Create | Villager (Male) |
| 20:12 | Create | Villager (Male) |
| 20:31 | Build | Farm |
| 20:33 | Build | Farm |
| 20:34 | Build | Farm |
| 20:35 | Create | Villager (Male) |
| 20:36 | Create | Villager (Male) |
| 20:40 | Build | House |
| 20:41 | Build | House |
| 20:43 | Build | House |
| 20:49 | Create | Villager (Male) |
| 20:52 | Research | Heavy Plow |
| 21:00 | Research | Gold Mining |
| 21:05 | Build | Farm |
| 21:09 | Build | Farm |
| 21:12 | Build | Farm |
| 21:19 | Create | Villager (Male) |
| 21:21 | Create | Villager (Male) |
| 21:26 | Create | Villager (Male) |
| 21:26 | Create | Villager (Male) |
| 21:31 | Build | Farm |
| 21:32 | Build | Farm |
| 21:35 | Build | Farm |
| 21:39 | Create | Villager (Male) |
| 21:39 | Create | Villager (Male) |
| 21:50 | Create | Villager (Male) |
| 21:50 | Create | Villager (Male) |
| 21:50 | Create | Villager (Male) |
| 21:54 | Build | House |
| 21:56 | Build | University |
| 22:15 | Create | Villager (Male) |
| 22:15 | Create | Villager (Male) |
| 22:28 | Create | Villager (Male) |
| 22:45 | Create | Villager (Male) |
| 22:46 | Create | Villager (Male) |
| 22:54 | Build | Town Center |
| 23:03 | Create | Villager (Male) |
| 23:03 | Create | Villager (Male) |
| 23:06 | Research | Wheelbarrow |
| 23:15 | Create | Villager (Male) |
| 23:21 | Build | House |
| 23:22 | Build | House |
| 23:23 | Build | House |
| 23:25 | Create | Villager (Male) |
Build order — Chivocrazy
First 150 of 583 actions detected
| 0:00 | Create | Villager (Male) |
| 0:01 | Create | Villager (Male) |
| 0:02 | Build | House |
| 0:02 | Create | Villager (Male) |
| 0:04 | Build | House |
| 0:04 | Create | Villager (Male) |
| 1:29 | Create | Villager (Male) |
| 1:29 | Create | Villager (Male) |
| 1:51 | Build | Lumber Camp |
| 2:00 | Create | Villager (Male) |
| 2:20 | Create | Villager (Male) |
| 2:53 | Create | Villager (Male) |
| 3:08 | Create | Villager (Male) |
| 3:36 | Create | Villager (Male) |
| 4:02 | Create | Villager (Male) |
| 4:03 | Create | Villager (Male) |
| 4:12 | Build | House |
| 4:13 | Build | House |
| 4:17 | Research | Loom |
| 4:33 | Create | Villager (Male) |
| 4:47 | Create | Villager (Male) |
| 5:12 | Create | Villager (Male) |
| 5:12 | Create | Villager (Male) |
| 5:40 | Build | Mill |
| 5:54 | Create | Villager (Male) |
| 6:09 | Create | Villager (Male) |
| 6:09 | Create | Villager (Male) |
| 6:19 | Build | Farm |
| 6:22 | Build | Farm |
| 6:37 | Create | Villager (Male) |
| 7:55 | Build | Mill |
| 7:57 | Create | Villager (Male) |
| 8:43 | Research | Feudal Age |
| 8:47 | Build | Mining Camp |
| 9:06 | Build | House |
| 10:22 | Build | Farm |
| 10:27 | Build | Farm |
| 10:56 | Age | Feudal Age |
| 11:35 | Research | Castle Age |
| 11:35 | Research | Castle Age |
| 11:53 | Research | Double-Bit Axe |
| 12:17 | Research | Horse Collar |
| 14:05 | Create | Villager (Male) |
| 14:15 | Age | Castle Age |
| 14:16 | Create | Villager (Male) |
| 14:20 | Build | Town Center |
| 14:26 | Build | Town Center |
| 14:29 | Research | Bow Saw |
| 14:32 | Create | Villager (Male) |
| 14:42 | Build | Farm |
| 14:58 | Create | Villager (Male) |
| 15:01 | Build | Farm |
| 15:08 | Create | Villager (Male) |
| 15:09 | Create | Villager (Male) |
| 15:15 | Create | Villager (Male) |
| 15:25 | Build | House |
| 16:03 | Create | Villager (Male) |
| 16:03 | Create | Villager (Male) |
| 16:17 | Build | Farm |
| 16:18 | Build | Farm |
| 16:19 | Build | Farm |
| 16:26 | Create | Villager (Male) |
| 16:32 | Build | Farm |
| 16:50 | Create | Villager (Male) |
| 16:53 | Create | Villager (Male) |
| 16:53 | Create | Villager (Male) |
| 16:54 | Create | Villager (Male) |
| 16:54 | Create | Villager (Male) |
| 16:56 | Build | Farm |
| 16:58 | Create | Villager (Male) |
| 17:01 | Build | Farm |
| 17:06 | Create | Villager (Male) |
| 17:11 | Build | Farm |
| 17:19 | Build | House |
| 17:27 | Build | Farm |
| 17:27 | Create | Villager (Male) |
| 17:27 | Create | Villager (Male) |
| 17:42 | Build | Farm |
| 17:43 | Create | Villager (Male) |
| 17:43 | Create | Villager (Male) |
| 17:51 | Build | Farm |
| 17:55 | Create | Villager (Male) |
| 17:55 | Create | Villager (Male) |
| 17:59 | Create | Villager (Male) |
| 18:00 | Create | Villager (Male) |
| 18:00 | Create | Villager (Male) |
| 18:00 | Create | Villager (Male) |
| 18:07 | Create | Villager (Male) |
| 18:07 | Create | Villager (Male) |
| 18:11 | Build | Farm |
| 18:14 | Build | Farm |
| 18:15 | Create | Villager (Male) |
| 18:24 | Build | Farm |
| 18:25 | Create | Villager (Male) |
| 18:25 | Create | Villager (Male) |
| 18:25 | Create | Villager (Male) |
| 18:43 | Research | Wheelbarrow |
| 18:43 | Research | Wheelbarrow |
| 19:00 | Create | Villager (Male) |
| 19:00 | Create | Villager (Male) |
| 19:01 | Create | Villager (Male) |
| 19:01 | Create | Villager (Male) |
| 19:07 | Build | Mining Camp |
| 19:13 | Build | House |
| 19:26 | Build | Farm |
| 19:27 | Build | Farm |
| 19:27 | Build | Farm |
| 19:28 | Create | Villager (Male) |
| 19:29 | Create | Villager (Male) |
| 19:30 | Create | Villager (Male) |
| 19:30 | Create | Villager (Male) |
| 19:44 | Create | Villager (Male) |
| 19:45 | Create | Villager (Male) |
| 19:45 | Create | Villager (Male) |
| 19:58 | Build | Siege Workshop |
| 20:00 | Create | Villager (Male) |
| 20:00 | Create | Villager (Male) |
| 20:00 | Create | Villager (Male) |
| 20:08 | Build | Farm |
| 20:09 | Build | Farm |
| 20:11 | Build | Farm |
| 20:11 | Create | Villager (Male) |
| 20:11 | Create | Villager (Male) |
| 20:43 | Create | Villager (Male) |
| 20:44 | Create | Villager (Male) |
| 20:45 | Build | Lumber Camp |
| 20:46 | Create | Villager (Male) |
| 20:52 | Build | House |
| 20:53 | Build | House |
| 20:54 | Build | House |
| 20:58 | Build | House |
| 21:00 | Build | House |
| 21:03 | Build | House |
| 21:06 | Build | House |
| 21:08 | Create | Villager (Male) |
| 21:18 | Build | Market |
| 21:20 | Create | Villager (Male) |
| 21:21 | Create | Villager (Male) |
| 21:23 | Build | Farm |
| 21:23 | Build | Farm |
| 21:24 | Build | Farm |
| 21:25 | Create | Villager (Male) |
| 21:31 | Build | Town Center |
| 21:32 | Create | Villager (Male) |
| 21:32 | Create | Villager (Male) |
| 21:38 | Create | Villager (Male) |
| 21:39 | Create | Villager (Male) |
| 21:39 | Create | Villager (Male) |
| 21:46 | Create | Villager (Male) |
| 21:47 | Research | Town Watch |
Build order — LRNI_UzuI
First 150 of 734 actions detected
| 0:02 | Build | House |
| 0:03 | Build | House |
| 0:03 | Create | Villager (Male) ×4 |
| 1:31 | Create | Villager (Male) |
| 1:31 | Create | Villager (Male) |
| 1:46 | Build | Lumber Camp |
| 2:00 | Create | Villager (Male) |
| 2:00 | Create | Villager (Male) |
| 2:26 | Create | Villager (Male) |
| 2:43 | Build | House |
| 2:48 | Create | Villager (Male) |
| 3:13 | Create | Villager (Male) |
| 3:13 | Create | Villager (Male) |
| 3:34 | Create | Villager (Male) |
| 4:04 | Create | Villager (Male) |
| 4:07 | Create | Villager (Male) |
| 4:25 | Build | Mill |
| 4:41 | Create | Villager (Male) |
| 5:10 | Build | Mill |
| 5:15 | Create | Villager (Male) |
| 5:46 | Create | Villager (Male) |
| 6:01 | Build | House |
| 6:20 | Create | Villager (Male) |
| 6:45 | Create | Villager (Male) |
| 7:08 | Create | Villager (Male) |
| 7:37 | Create | Villager (Male) |
| 7:40 | Build | Mining Camp |
| 8:01 | Research | Feudal Age |
| 10:07 | Create | Villager (Male) |
| 10:12 | Age | Feudal Age |
| 10:35 | Build | Market |
| 10:38 | Build | Blacksmith |
| 11:22 | Build | House |
| 11:24 | Build | House |
| 11:28 | Research | Castle Age |
| 11:28 | Research | Castle Age |
| 11:33 | Build | Farm |
| 14:08 | Age | Castle Age |
| 14:09 | Build | Monastery |
| 14:11 | Build | Town Center |
| 14:12 | Create | Villager (Male) |
| 14:15 | Research | Wheelbarrow |
| 14:55 | Create | Monk |
| 15:17 | Build | Town Center |
| 15:22 | Create | Monk |
| 15:31 | Build | Farm |
| 15:33 | Build | Farm |
| 15:37 | Create | Villager (Male) |
| 15:45 | Research | Fervor |
| 16:02 | Create | Villager (Male) |
| 16:03 | Create | Villager (Male) |
| 16:27 | Build | Farm |
| 16:27 | Build | Farm |
| 16:27 | Build | Farm |
| 16:27 | Build | Farm |
| 16:28 | Build | Farm |
| 16:28 | Build | Farm |
| 16:30 | Create | Villager (Male) |
| 16:31 | Create | Villager (Male) |
| 16:33 | Research | Loom |
| 16:41 | Build | Farm |
| 16:42 | Build | Farm |
| 16:45 | Build | Farm |
| 16:56 | Create | Villager (Male) |
| 16:59 | Create | Villager (Male) |
| 17:00 | Create | Villager (Male) |
| 17:01 | Create | Villager (Male) |
| 17:06 | Build | Farm |
| 17:08 | Build | Farm |
| 17:14 | Build | Farm |
| 17:18 | Research | Horse Collar |
| 17:37 | Create | Villager (Male) |
| 17:37 | Create | Villager (Male) |
| 17:40 | Build | Farm |
| 17:44 | Create | Villager (Male) |
| 17:56 | Build | Farm |
| 17:56 | Build | Farm |
| 17:58 | Create | Villager (Male) |
| 17:59 | Create | Villager (Male) |
| 18:11 | Create | Villager (Male) |
| 18:11 | Create | Villager (Male) |
| 18:11 | Create | Villager (Male) |
| 18:21 | Create | Villager (Male) |
| 18:25 | Build | Farm |
| 18:29 | Build | Farm |
| 18:34 | Build | Farm |
| 18:36 | Create | Villager (Male) |
| 18:37 | Create | Villager (Male) |
| 18:48 | Create | Villager (Male) |
| 18:51 | Build | Farm |
| 18:52 | Build | Farm |
| 18:55 | Create | Villager (Male) |
| 19:08 | Build | House |
| 19:08 | Build | House |
| 19:09 | Build | House |
| 19:10 | Create | Villager (Male) |
| 19:17 | Build | House |
| 19:18 | Build | House |
| 19:19 | Build | House |
| 19:20 | Create | Villager (Male) |
| 19:21 | Create | Villager (Male) |
| 19:21 | Create | Villager (Male) |
| 19:41 | Research | Sanctity |
| 19:52 | Create | Villager (Male) |
| 19:58 | Build | Farm |
| 20:00 | Build | Farm |
| 20:02 | Create | Villager (Male) |
| 20:07 | Build | House |
| 20:17 | Create | Villager (Male) |
| 20:17 | Create | Villager (Male) |
| 20:19 | Build | Farm |
| 20:21 | Build | Farm |
| 20:26 | Create | Villager (Male) |
| 20:30 | Build | Farm |
| 20:33 | Build | Farm |
| 20:37 | Create | Villager (Male) |
| 20:49 | Create | Villager (Male) |
| 20:57 | Build | University |
| 20:58 | Create | Villager (Male) |
| 20:59 | Create | Villager (Male) |
| 21:15 | Research | Gold Mining |
| 21:19 | Build | House |
| 21:21 | Create | Villager (Male) |
| 21:21 | Create | Villager (Male) |
| 21:30 | Build | Farm |
| 21:31 | Create | Villager (Male) |
| 21:32 | Build | Farm |
| 21:55 | Create | Villager (Male) |
| 21:55 | Create | Villager (Male) |
| 22:03 | Create | Villager (Male) |
| 22:19 | Create | Villager (Male) |
| 22:25 | Build | House |
| 22:26 | Build | House |
| 22:28 | Create | Villager (Male) |
| 22:28 | Create | Villager (Male) |
| 22:32 | Build | Farm |
| 22:35 | Build | Farm |
| 22:36 | Build | Farm |
| 23:03 | Research | Imperial Age |
| 23:04 | Create | Villager (Male) |
| 23:13 | Create | Villager (Male) |
| 23:28 | Build | Barracks |
| 23:30 | Research | Forging |
| 23:31 | Create | Villager (Male) |
| 23:35 | Build | Farm |
| 23:35 | Build | Farm |
| 23:36 | Build | Farm |
| 23:49 | Create | Villager (Male) |
| 23:50 | Research | Scale Mail Armor |
| 23:54 | Build | House |
Match timeline
| 9:30 | LRNI_Ghost-Jhon · first_building Barracks |
| 9:43 | LRNI_Ghost-Jhon · age_up feudal |
| 10:11 | wmolinari · age_up feudal |
| 10:12 | LRNI_UzuI · age_up feudal |
| 10:31 | Manuel24 · age_up feudal |
| 10:33 | Bu10 · age_up feudal |
| 10:56 | Chivocrazy · age_up feudal |
| 11:04 | PanBailarin · age_up feudal |
| 11:08 | wmolinari · first_market_sell 500 stone |
| 11:09 | wmolinari · first_market_buy 100 food |
| 11:21 | LRNI_robotech · age_up feudal |
| 11:57 | PanBailarin · first_market_buy 100 food |
| 11:58 | PanBailarin · first_market_sell 100 wood |
| 13:23 | LRNI_Ghost-Jhon · first_market_buy 100 food |
| 13:25 | LRNI_Ghost-Jhon · first_market_sell 100 stone |
| 13:58 | wmolinari · age_up castle |
| 14:08 | LRNI_UzuI · age_up castle |
| 14:09 | LRNI_UzuI · first_building Monastery |
| 14:11 | Bu10 · age_up castle |
| 14:15 | Chivocrazy · age_up castle |
| 14:23 | wmolinari · first_building Monastery |
| 14:26 | Manuel24 · age_up castle |
| 14:32 | Manuel24 · first_building Castle |
| 15:10 | PanBailarin · age_up castle |
| 15:17 | LRNI_robotech · age_up castle |
| 15:36 | LRNI_robotech · first_building Castle |
| 15:43 | LRNI_robotech · wall_segment Palisade Wall x1 |
| 15:50 | LRNI_robotech · wall_segment Palisade Wall x1 |
| 15:51 | LRNI_robotech · wall_segment Palisade Wall x1 |
| 15:52 | LRNI_robotech · wall_segment Palisade Wall x1 |
| 15:54 | LRNI_robotech · wall_segment Palisade Wall x1 |
| 15:58 | LRNI_robotech · wall_segment Palisade Wall x1 |
| 16:01 | LRNI_robotech · wall_segment Palisade Wall x1 |
| 16:08 | LRNI_robotech · wall_segment Palisade Wall x1 |
| 16:09 | LRNI_robotech · wall_segment Palisade Wall x1 |
| 16:14 | Manuel24 · first_building Siege Workshop |
| 16:19 | LRNI_Ghost-Jhon · age_up castle |
| 16:26 | LRNI_Ghost-Jhon · first_building Siege Workshop |
| 16:51 | LRNI_robotech · first_building Siege Workshop |
| 17:08 | Bu10 · first_building Castle |
| 18:29 | wmolinari · first_building Barracks |
| 19:58 | Chivocrazy · first_building Siege Workshop |
| 20:36 | PanBailarin · first_building Barracks |
| 21:24 | PanBailarin · first_building Stable |
| 22:14 | Chivocrazy · wall_segment Palisade Wall x1 |
| 22:31 | Chivocrazy · first_market_sell 100 wood |
| 23:16 | Chivocrazy · first_building Barracks |
| 23:28 | LRNI_UzuI · first_building Barracks |
| 23:43 | LRNI_robotech · wall_segment Stone Wall x23 |
| 24:06 | LRNI_UzuI · first_building Siege Workshop |
| 24:32 | LRNI_robotech · first_building Barracks |
| 25:09 | LRNI_UzuI · first_market_buy 100 food |
| 25:22 | wmolinari · first_building Castle |
| 25:57 | PanBailarin · first_building Castle |
| 26:13 | LRNI_UzuI · age_up imperial |
| 26:54 | Manuel24 · wall_segment Stone Wall x1 |
| 26:54 | Manuel24 · wall_segment Stone Wall x1 |
| 27:25 | LRNI_UzuI · first_market_sell 100 stone |
| 27:45 | wmolinari · first_building Stable |
| 28:13 | LRNI_UzuI · wall_segment Stone Wall x1 |
| 28:14 | wmolinari · age_up imperial |
| 28:46 | Chivocrazy · age_up imperial |
| 28:54 | Chivocrazy · first_market_buy 100 food |
| 29:05 | Bu10 · first_market_buy 100 food |
| 29:07 | Bu10 · first_market_sell 100 wood |
| 29:58 | LRNI_Ghost-Jhon · first_building Monastery |
| 30:10 | wmolinari · first_building Archery Range |
| 30:20 | PanBailarin · age_up imperial |
| 30:28 | LRNI_UzuI · first_building Stable |
| 32:57 | Chivocrazy · first_building Stable |
| 33:27 | Chivocrazy · first_building Castle |
| 33:33 | Manuel24 · first_building Barracks |
| 33:51 | Bu10 · age_up imperial |
| 34:06 | LRNI_Ghost-Jhon · age_up imperial |
| 35:40 | LRNI_UzuI · first_building Castle |
| 38:34 | LRNI_Ghost-Jhon · first_building Castle |
| 40:32 | PanBailarin · tribute_sent a jugador 1 |
| 40:32 | PanBailarin · tribute_sent a jugador 3 |
| 40:32 | PanBailarin · tribute_sent a jugador 4 |
| 40:32 | PanBailarin · tribute_sent a jugador 5 |
| 40:32 | PanBailarin · tribute_sent a jugador 6 |
| 40:32 | PanBailarin · tribute_sent a jugador 7 |
| 40:32 | PanBailarin · tribute_sent a jugador 8 |
| 43:22 | wmolinari · tribute_sent a jugador 1 |
| 43:22 | wmolinari · tribute_sent a jugador 2 |
| 43:22 | wmolinari · tribute_sent a jugador 3 |
| 43:22 | wmolinari · tribute_sent a jugador 4 |
| 43:23 | wmolinari · tribute_sent a jugador 6 |
| 43:23 | wmolinari · tribute_sent a jugador 7 |
| 43:23 | wmolinari · tribute_sent a jugador 8 |
| 44:33 | LRNI_robotech · wall_segment Palisade Wall x1 |
| 44:55 | LRNI_robotech · wall_segment Palisade Wall x1 |
| 45:06 | Manuel24 · age_up imperial |
| 47:44 | LRNI_robotech · first_building Archery Range |
| 47:56 | LRNI_robotech · wall_segment Palisade Wall x7 |
| 48:26 | Bu10 · first_building Barracks |
| 49:27 | LRNI_UzuI · wall_segment Stone Wall x3 |
| 49:49 | LRNI_robotech · wall_segment Palisade Wall x1 |
| 49:52 | LRNI_robotech · wall_segment Palisade Wall x1 |
| 49:57 | LRNI_robotech · wall_segment Palisade Wall x1 |
| 49:58 | LRNI_robotech · wall_segment Palisade Wall x1 |
| 50:49 | LRNI_UzuI · wall_segment Stone Wall x1 |
| 50:50 | LRNI_UzuI · wall_segment Stone Wall x1 |
| 51:13 | wmolinari · wall_segment Stone Wall x2 |
| 52:35 | PanBailarin · resign |
| 52:48 | LRNI_robotech · tribute_sent a jugador 1 |
| 52:48 | LRNI_robotech · tribute_sent a jugador 2 |
| 52:48 | LRNI_robotech · tribute_sent a jugador 3 |
| 52:48 | LRNI_robotech · tribute_sent a jugador 5 |
| 52:48 | LRNI_robotech · tribute_sent a jugador 6 |
| 52:48 | LRNI_robotech · tribute_sent a jugador 7 |
| 52:48 | LRNI_robotech · tribute_sent a jugador 8 |
[ AI ANALYSIS · 1 CREDIT ]
What really happened in this match?
Wolo.gg analyzes every decision: build order, eco, micro, common mistakes by bracket. Personalized analysis on WhatsApp or Discord in 30 seconds.
Civ guide
Slavs
Perfil
LRNI_Ghost-Jhon